 Dungeon Crawl Stone Soup version 0.18-a0-1554-g49b38aa (webtiles) character file.

42290 MenacingMecha the Destroyer (level 14, -4/86 HPs)
             Began as a Gargoyle Earth Elementalist on Mar 12, 2016.
             Was a High Priest of Vehumet.
             Slain by a deep elf knight
             ... wielding a +0 long sword
              (19 damage)
             ... on level 14 of the Dungeon.
             The game lasted 01:40:42 (22768 turns).

MenacingMecha the Destroyer (GrEE)                 Turns: 22768, Time: 01:40:42

Health: -4/86      AC: 15    Str: 10    XL:     14   Next: 19%
Magic:  0/29       EV: 19    Int: 26    God:    Vehumet [*****.]
Gold:   1735       SH:  4    Dex: 10    Spells: 8 memorised, 14 levels left

rFire  . . .     SeeInvis +     b - 141 stones
rCold  . . .     Gourm    .     l - +1 robe of the City {Str-3 Int+8 SInv}
rNeg   + . .     Faith    .     t - +0 buckler
rPois  ∞         Spirit   .     m - +1 helmet
rElec  +         Dismiss  .     p - +0 cloak
rCorr  .         Reflect  .     (no gloves)
SustAt .         Harm     .     (no boots)
MR     +++..                    (no amulet)
Stlth  ++........               B - +4 ring of evasion
                                X - ring of protection from magic

@: extremely resistant to hostile enchantments, unstealthy
A: big wings, dopey 1, magic resistance 1, negative energy resistance 1,
electricity resistance, unbreathing, petrification resistance, rot immunity, AC
+9
a: Fly, Renounce Religion


You were on level 14 of the Dungeon.
You worshipped Vehumet.
Vehumet was extremely pleased with you.
You were not hungry.

You visited 4 branches of the dungeon, and saw 21 of its levels.
You also visited: Ossuary.

You collected 1735 gold pieces.

Inventory:

Hand Weapons
 a - a +3 whip of venom
 N - the +5 mace "Tufregge" {flame, rElec rF+++ MR- Dex-4}
   (You found it on level 7 of the Dungeon)

   It has been specially enchanted to burn those struck by it, causing extra
   injury to most foes and up to half again as much damage against particularly
   susceptible opponents.
   It affects your dexterity (-4).
   It renders you almost immune to fire.
   It insulates you from electricity.
   It affects your resistance to hostile enchantments.
Missiles
 b - 141 stones (in hand)
Armour
 f - a +2 robe of fire resistance
 l - the +1 robe of the City (worn) {Str-3 Int+8 SInv}
   (You found it on level 3 of the Lair of Beasts)

   It affects your strength (-3).
   It affects your intelligence (+8).
   It lets you see invisible.
 m - a +1 helmet (worn)
 p - a +0 cloak (worn)
 t - a +0 buckler (worn)
 W - a steam dragon hide
Jewellery
 i - an uncursed ring of ice
 k - an uncursed ring of resist corrosion
 B - a +4 ring of evasion (right hand)
 X - a ring of protection from magic (left hand)
Wands
 c - a wand of lightning (11/15)
 q - a wand of enslavement (9/24)
 r - a wand of slowing (14/48)
 D - a wand of random effects (10/48)
 G - a wand of lightning (4/15)
 Q - a wand of digging (24/24)
Scrolls
 e - 2 scrolls of blinking
 g - 2 scrolls of recharging
 n - a scroll of enchant weapon
 s - 3 scrolls of teleportation
 u - a scroll of magic mapping
 x - 15 scrolls of identify
 z - a scroll of random uselessness
 C - 2 scrolls of amnesia
 L - 6 scrolls of remove curse
Potions
 o - a potion of flight
 v - a potion of agility
 w - a potion of curing {unknown}
 E - a potion of might
 I - 2 potions of haste
 J - a potion of cancellation
 S - 3 potions of brilliance
Miscellaneous
 y - a legendary deck of defence
Comestibles
 d - 14 bread rations
 h - a slice of pizza
 j - 5 fruits


   Skills:
 + Level 9.6 Fighting
 + Level 8.0 Dodging
 - Level 2.1 Stealth
 - Level 4.0 Shields
 + Level 11.4 Spellcasting
 + Level 13.2 Conjurations
 - Level 0.7 Transmutations
 - Level 13.0 Earth Magic


You had 14 spell levels left.
You knew the following spells:

 Your Spells              Type           Power        Failure   Level  Hunger
a - Sandblast             Erth           ######       1%          1    None
b - Passwall              Trmt/Erth      ######....   1%          2    None
c - Stone Arrow           Conj/Erth      ######       1%          3    None
d - Shock                 Conj/Air       ####         1%          1    None
e - Summon Butterflies    Summ           ##......     4%          1    None
f - Searing Ray           Conj           ######       1%          2    None
g - Iskenderun's Mystic   Conj           ######..     1%          4    None
h - Orb of Destruction    Conj           ######....   4%          7    ######.


Dungeon Overview and Level Annotations

Branches:
Dungeon (14/15)            Temple (1/1) D:5            Lair (4/8) D:8
  Swamp (0/4) Lair:3          Orc (2/2) D:10            Elf (0/3) Orc:2
  Snake: Lair:3-6    Spider: Lair:3-6    Vaults: D:13-14

Altars:
Cheibriados
Dithmenos
Elyvilon
Fedhas
Gozag
Kikubaaqudgha
Makhleb
Nemelex Xobeh
Okawaru
Pakellas
Qazlal
Ru
Sif Muna
Trog
Vehumet
Xom
Yredelemnul
Zin
The Shining One
Beogh

Shops:
D:5 !   D:6 %   Orc:2 ?}[?

Annotations:
D:4 MenacingMecha's ghost, amateur GrEE
D:5 ZeroCool's ghost, novice KoBe
D:13 Frances
Lair:2 stash
Lair:3 Maud


Innate Abilities, Weirdness & Mutations

You are resistant to torment.
Your stone body is resilient (AC +9).
You are immune to poison.
Your large and strong wings let you fly indefinitely.
You resist negative energy.
You are resistant to electric shocks.
You can survive without breathing.
You are immune to petrification.
You are immune to rotting.
You are dopey. (Int -2)
You are resistant to hostile enchantments.


Message History

You kill the jelly!
Vehumet accepts your kill. The deep elf knight closely misses you.
Casting: Sandblast
Confirm with . or Enter, or press ? or * to list all spells.
Aiming: Sandblast
Press: ? - help, Shift-Dir - straight line, f/p - deep elf knight
Aim: a deep elf knight, wielding a long sword (severely wounded, fast)
The rocky blast misses the deep elf knight.
The rocky blast hits the shadow.
The shadow is lightly damaged.
The deep elf knight hits you but does no damage.
The deep elf knight gestures at you while chanting.
The orb of energy hits you!
* * * LOW HITPOINT WARNING * * *
Casting: Sandblast
Confirm with . or Enter, or press ? or * to list all spells.
You don't have enough magic to cast that spell.
The deep elf knight hits you with a long sword!!
You die...

##
#...........#.####
#.#
###########.#.####
#.#
#####.............
#$#
#.....############
#.# #.##### #.#
##.# #?#.#.#
#W##.# #.#.#@#
####e.# ####


You could see a deep elf knight.

Vanquished Creatures
  A stone giant (Orc:1)
  A vault guard (D:14)
  6 hydras
  2 ogre magi (Orc:2)
  A centaur warrior (D:12)
  An orc high priest (D:10)
  Nergalle (Orc:2)
  3 hill giants
  A deep elf mage (D:12)
  3 orc knights
  3 ugly things
  2 griffons (Lair:3)
  9 orc sorcerers
  2 cyclopes (Orc:1)
  An elephant (Lair:4)
  A manticore (D:11)
  3 spiny frogs
  Psyche (D:9)
  A komodo dragon (Lair:2)
  3 rime drakes
  A queen bee (D:9)
  3 trolls (D:13)
  A two-headed ogre (D:8)
  5 blink frogs (Lair:3)
  Grinder (D:3)
  2 wraiths
  A spriggan (D:7)
  A wyvern (D:5)
  20 yaks
  A basilisk (Lair:4)
  2 steam dragons (D:8)
  4 hippogriffs
  5 vampire mosquitoes
  Menkaure (D:5)
  2 wargs
  4 water moccasins
  6 porcupines
  2 black bears
  5 ice beasts
  2 necrophages
  18 orc warriors
  6 sky beasts
  3 phantoms
  13 ogres
  14 centaurs
  2 crocodiles
  6 giant frogs
  A wyvern zombie (D:12)
  4 scorpions
  A wyvern skeleton (D:10)
  35 killer bees
  16 wights
  2 jellies (D:14)
  3 howler monkeys
  4 crimson imps
  2 giant frog zombies
  Crazy Yiuf (D:7)
  A centaur zombie (D:11)
  9 hounds
  14 orc priests
  A giant frog skeleton (D:5)
  An iron imp (D:7)
  33 orc wizards
  3 centaur skeletons
  11 iguanas
  Ijyb (D:2)
  Natasha (twice) (D:2)
  3 worker ants
  10 sheep
  5 big kobold zombies (Ossuary)
  A mummy (Ossuary)
  2 worker ant zombies
  Robin (D:2)
  3 gnolls (D:10)
  39 river rats
  12 adders
  2 shadow imps
  2 oozes
  2 adder skeletons
  An adder zombie (D:5)
  6 worms
  2 dart slugs
  6 giant geckos
  68 orcs
  A spectral bat (Ossuary)
  6 giant cockroaches
  7 gnoll zombies (Ossuary)
  10 hobgoblins
  8 jackals
  2 quokkas
  3 ball pythons
  6 bats
  4 bat simulacra (Ossuary)
  A giant gecko skeleton (D:6)
  10 giant newts
  12 goblins
  5 goblin zombies (Ossuary)
  5 hobgoblin zombies (Ossuary)
  10 kobolds
  A kobold simulacrum (Ossuary)
  2 kobold zombies (Ossuary)
  6 orc zombies (Ossuary)
  10 rats
  4 rat simulacra (Ossuary)
  2 spectral goblins (Ossuary)
  3 spectral kobolds (Ossuary)
  5 spectral rats (Ossuary)
610 creatures vanquished.

Vanquished Creatures (others)
  2 wargs (Orc:1)
  An orc wizard (Orc:2)
  A fungus (Lair:1)
  A plant (Lair:4)
5 creatures vanquished.

Grand Total: 615 creatures vanquished

Notes
Turn   | Place    | Note
--------------------------------------------------------------
     0 | D:1      | MenacingMecha the Gargoyle Earth Elementalist began the quest for the Orb.
     0 | D:1      | Reached XP level 1. HP: 10/10 MP: 3/3
   248 | D:1      | Reached XP level 2. HP: 12/15 MP: 5/5
   429 | D:1      | Learned a level 2 spell: Passwall
   924 | D:1      | Reached XP level 3. HP: 19/19 MP: 6/6
   938 | D:1      | Learned a level 3 spell: Stone Arrow
  1071 | D:2      | Noticed Natasha
  1077 | D:2      | Killed Natasha
  1116 | D:2      | Reached skill level 1 in Conjurations
  1119 | D:2      | Noticed Ijyb
  1127 | D:2      | Killed Ijyb
  1127 | D:2      | Reached XP level 4. HP: 22/24 MP: 3/8
  1716 | D:2      | Found a snail-covered altar of Cheibriados.
  1789 | D:2      | Noticed Natasha
  1791 | D:2      | Killed Natasha
  1791 | D:2      | Reached skill level 5 in Earth Magic
  1791 | D:2      | Reached XP level 5. HP: 28/28 MP: 7/9
  1813 | D:2      | Noticed Robin
  1825 | D:2      | Killed Robin
  2227 | D:3      | Found an ancient bone altar of Kikubaaqudgha.
  2497 | D:3      | Noticed Grinder
  2515 | D:3      | Paralysed by Grinder for 2 turns
  2516 | D:3      | Killed Grinder
  2516 | D:3      | Reached XP level 6. HP: 32/32 MP: 5/12
  2655 | D:3      | Found a sparkling altar of Nemelex Xobeh.
  2656 | D:3      | Found an opulent altar of Gozag.
  3095 | D:4      | Noticed MenacingMecha's ghost (amateur GrEE)
  3152 | D:5      | Entered Level 5 of the Dungeon
  3152 | D:5      | Noticed a sky beast
  3157 | D:5      | Killed a sky beast
  3157 | D:5      | Reached XP level 7. HP: 36/36 MP: 8/13
  3165 | D:5      | Found a staircase to the Ecumenical Temple.
  3171 | Temple   | Entered the Ecumenical Temple
  3225 | Temple   | Became a worshipper of Vehumet
  3419 | D:5      | Noticed Menkaure
  3643 | D:5      | Noticed a wyvern
  3664 | D:5      | Killed a wyvern
  3836 | D:5      | Found Maoh's Distillery.
  3844 | D:5      | Reached skill level 5 in Conjurations
  3909 | D:5      | Killed Menkaure
  3909 | D:5      | Reached skill level 5 in Spellcasting
  3909 | D:5      | Reached XP level 8. HP: 33/41 MP: 5/15
  4121 | D:5      | Found a shimmering altar of Xom.
  4128 | D:5      | Found a basalt altar of Yredelemnul.
  4232 | D:5      | Noticed ZeroCool's ghost (novice KoBe)
  4456 | D:6      | Reached skill level 1 in Shields
  4466 | D:6      | Reached * piety under Vehumet
  4466 | D:6      | Offered knowledge of Shock by Vehumet.
  4481 | D:6      | Learned a level 1 spell: Shock
  4657 | D:6      | Found a burning altar of Makhleb.
  4959 | D:6      | Found a deep blue altar of Sif Muna.
  5032 | D:6      | Identified Sif Muna's Collected Works on the Entourage
  5093 | D:6      | Learned a level 1 spell: Summon Butterflies
  5204 | D:6      | Found Nocab's Food Emporium.
  5669 | D:7      | Noticed Crazy Yiuf
  5672 | D:7      | Killed Crazy Yiuf
  5672 | D:7      | Reached XP level 9. HP: 45/45 MP: 12/18
  5679 | D:7      | Got a steaming mace
  5682 | D:7      | Identified the +5 mace "Tufregge" {flame, rElec rF+++ MR- Dex-4} (You found it on level 7 of the Dungeon)
  5857 | D:7      | Found a glowing silver altar of Zin.
  5862 | D:7      | Found an iron altar of Okawaru.
  5946 | D:7      | Found a snail-covered altar of Cheibriados.
  6446 | D:8      | Found a glowing golden altar of the Shining One.
  6556 | D:8      | Found a staircase to the Lair.
  6564 | D:8      | Reached ** piety under Vehumet
  6621 | D:8      | Offered knowledge of Magic Dart by Vehumet.
  6750 | D:8      | Found a sand-covered staircase.
  6757 | Ossuary  | Entered an ossuary
  7100 | Ossuary  | Offered knowledge of Searing Ray by Vehumet.
  7230 | Ossuary  | Reached skill level 10 in Earth Magic
  7238 | Ossuary  | Learned a level 2 spell: Searing Ray
  7356 | Ossuary  | Reached *** piety under Vehumet
  7400 | Ossuary  | Reached XP level 10. HP: 50/50 MP: 21/21
  7412 | Ossuary  | Offered knowledge of Iskenderun's Mystic Blast by Vehumet.
  7490 | D:8      | Learned a level 4 spell: Iskenderun's Mystic Blast
  7952 | D:8      | Noticed a cyan ugly thing
  7965 | D:8      | Killed a cyan ugly thing
  8001 | D:8      | Reached **** piety under Vehumet
  8107 | D:8      | Offered knowledge of Ignite Poison by Vehumet.
  8452 | D:9      | Noticed Psyche
  8454 | D:9      | Killed Psyche
  8554 | D:9      | Found a bloodstained altar of Trog.
  8957 | D:9      | Reached XP level 11. HP: 45/54 MP: 19/23
  8978 | D:9      | Reached skill level 10 in Conjurations
  8981 | D:9      | Reached skill level 1 in Fighting
  9380 | D:10     | Entered Level 10 of the Dungeon
  9399 | D:10     | Found a staircase to the Orcish Mines.
  9613 | D:10     | Reached ***** piety under Vehumet
  9634 | D:10     | Offered knowledge of Orb of Destruction by Vehumet.
 10088 | D:10     | Gained mutation: You are dopey. (Int -2) [potion of mutation]
 10088 | D:10     | Gained mutation: You are resistant to hostile enchantments. [potion of mutation]
 10234 | Lair:1   | Entered Level 1 of the Lair of Beasts
 10348 | Lair:1   | Noticed an eight-headed hydra
 10357 | Lair:1   | Killed an eight-headed hydra
 10659 | Lair:1   | Learned a level 7 spell: Orb of Destruction
 10889 | Lair:1   | Noticed a five-headed hydra
 10894 | Lair:1   | Killed a five-headed hydra
 11967 | Lair:1   | Noticed a six-headed hydra
 11971 | Lair:1   | Killed a six-headed hydra
 11971 | Lair:1   | Reached XP level 12. HP: 64/68 MP: 18/25
 12052 | Lair:1   | Reached skill level 5 in Fighting
 13995 | Lair:3   | Found a staircase to the Swamp.
 13998 | Lair:3   | Reached skill level 5 in Dodging
 14097 | Lair:3   | Noticed Maud
 14113 | Lair:3   | Got a faintly humming robe
 14124 | Lair:3   | Identified the +1 robe of the City {Str-3 Int+8 SInv} (You found it on level 3 of the Lair of Beasts)
 14437 | Lair:3   | Noticed a five-headed hydra
 14442 | Lair:3   | Killed a five-headed hydra
 14442 | Lair:3   | Offered knowledge of Freezing Cloud by Vehumet.
 15244 | Orc:1    | Entered Level 1 of the Orcish Mines
 15244 | Orc:1    | Noticed an orc high priest
 15249 | D:10     | Noticed a soul eater
 15249 | D:10     | Killed an orc high priest
 15249 | D:10     | Reached skill level 10 in Spellcasting
 15269 | Orc:1    | Noticed a soul eater
 16070 | Orc:1    | Noticed a sun demon
 16293 | Orc:1    | Reached XP level 13. HP: 76/76 MP: 7/27
 16464 | Orc:1    | Noticed a stone giant
 16474 | Orc:1    | Killed a stone giant
 17064 | Orc:1    | Found a roughly hewn altar of Beogh.
 17285 | Orc:2    | Entered Level 2 of the Orcish Mines
 17353 | Orc:2    | Found a staircase to the Elven Halls.
 18260 | Orc:2    | Offered knowledge of Poisonous Cloud by Vehumet.
 18645 | Orc:2    | Found Borau's Magic Scroll Emporium.
 18858 | Orc:2    | Found Meug's Magic Scroll Shoppe.
 18910 | Orc:2    | Found a radiant altar of Vehumet.
 19012 | Orc:2    | Found Emuges's Antique Armour Shoppe.
 19029 | Orc:2    | Found an ancient bone altar of Kikubaaqudgha.
 19029 | Orc:2    | Noticed Nergalle
 19055 | Orc:2    | Killed Nergalle
 19174 | Orc:2    | Found a roughly hewn altar of Beogh.
 19303 | Orc:2    | Found Xaderchu's Gadget Emporium.
 21315 | D:12     | Offered knowledge of Poison Arrow by Vehumet.
 21673 | D:13     | Noticed Frances
 21728 | D:13     | Gained mutation: Your large and strong wings let you fly indefinitely. [Gargoyle growth]
 21728 | D:13     | Reached XP level 14. HP: 82/86 MP: 23/29
 21764 | D:13     | Found a shimmering altar of Xom.
 22768 | D:14     | Slain by a deep elf knight

Vault maps used:
D:1:      roderic_crossed_star, minmay_statues_item
D:2:      cheibriados_altar_1, uniq_iyjb, uniq_robin, uniq_natasha
D:3:      grunt_temple_overflow_opulence, lemuel_doored_altar, first_bread,
          uniq_grinder
D:4:      nicolae_ashenzari_panopticon
D:5:      amethyst_overflow_temple_binary, temple_fountains, serial_glass,
          glass_columns_a, glass_columns_a, serial_shops, shop, uniq_menkaure
D:6:      led_sif_book, bloody_makhleb, serial_shops, shop, minivault_27
D:7:      minitemple, the_bakery, wad_floor_pattern_untrapped,
          chei_slow_surprise, uniq_crazy_yiuf_cottage
D:8:      minmay_quarter_circles, old_standard_altar, lair_0_dummy,
          chequers_ossuary_entry_cave, hangedman_decor_lopped
D:9:      lemuel_round_altar, special_room, uniq_psyche
D:11:     lemuel_ice_spiral_2
D:12:     item_on_display_a
D:13:     basic_altar, uniq_frances
D:14:     hangedman_cross_veins, david_vaults_5
Temple:   temple_island_7
Lair:1:   st_stairs_4, cheibrodos_lair_reptile_den
Lair:2:   grunt_megastairs_2, lemuel_fruit_tree, lemuel_fruit_fields
Lair:3:   swamp_mist, uniq_maud
Lair:4:   wad_woods_minihive, st_stairs_9
Orc:1:    nicolae_orc_accident_2
Orc:2:    kennysheep_orc_mage_school, lab_entry_generic
Ossuary:  ossuary_zaba_two_paths

Skill      XL: |  1  2  3  4  5  6  7  8  9 10 11 12 13 14 |
---------------+-------------------------------------------+-----
Earth Magic    | 4 5 6 7 8 10 11 12 13 | 13.0
Conjurations   | 1 2 3 4 5 6 8 9 10 11 12 13 | 13.2
Spellcasting   | 3 4 5 6 7 8 9 10 11 | 11.4
Shields        | 2 4 |  4.0
Dodging        | 2 4 6 7 8 |  8.0
Fighting       | 4 7 9 |  9.6
Stealth        | |  2.1
Transmutations | |  0.7

Action                   |  1- 3 |  4- 6 |  7- 9 | 10-12 | 13-15 || total
-------------------------+-------+-------+-------+-------+-------++-------
Melee: Dagger            |    13 |       |       |       |       ||    13
       Unarmed           |     4 |       |       |       |       ||     4
       Short sword       |    83 |    64 |       |       |       ||   147
       Whip              |       |    76 |   140 |   378 |   214 ||   808
       Mace              |       |       |    97 |    41 |    35 ||   173
Throw: Stone             |     4 |       |       |       |       ||     4
 Cast: Sandblast         |     7 |    26 |    65 |   266 |   124 ||   488
       Stone Arrow       |       |     2 |    30 |    55 |   112 ||   199
       Shock             |       |       |    25 |    79 |    86 ||   190
       Passwall          |       |       |     2 |       |     6 ||     8
       Iskenderun's Myst |       |       |       |     3 |    14 ||    17
       Searing Ray       |       |       |       |     5 |     3 ||     8
       Summon Butterflie |       |       |       |     3 |     1 ||     4
       Orb of Destructio |       |       |       |     4 |    18 ||    22
  Use: Scroll            |       |       |     1 |    17 |       ||    18
       Potion            |       |       |       |    14 |       ||    14
 Stab: Sleeping          |       |     9 |     5 |     3 |       ||    17
  Eat: Chunk             |     1 |     7 |    12 |    19 |    22 ||    61
       Meat ration       |       |       |     1 |     1 |     1 ||     3
       Bread ration      |       |       |       |     1 |       ||     1
       Beef jerky        |       |       |       |       |     1 ||     1
